AoeStats
← MHR.MK

Black Forest

509424018Analyzed
4v4 RM · 6d ago on Sep 26, 2026· 62m 2s· 8 players
Game mode
Random Map
Map size
Large (8 player)
Population
200
Speed
Normal
Resources
Standard
Victory
Conquest
Starting age
Dark Age
Ending age
Imperial Age
RankedLock teamsTeams togetherTeam positionsShared explorationLock speedFull tech treeHidden civsTurbo modeCheats
Victory
Defeat
🇮🇳 Danes · India
609
+14
🇷🇴 Mongols · Romania
598
+15
🇹🇷 Sicilians · Türkiye
490
+19
🇺🇸 Franks · United States
482
+20
🇵🇪 Franks · Peru
612
-19
🇦🇷 Aztecs · Argentina
602
-18
🇦🇷 Britons · Argentina
539
-16
🇨🇦 Teutons · Canada
516
-15
iNl00K
1:04 Loom
13:22 Feudal Age
15:49 Horse Collar
16:04 Horse Collar
16:14 Double-Bit Axe
17:14 Wheelbarrow
19:47 Castle Age
17:52 Scale Mail Armor
18:43 Man-at-Arms
19:39 Forging
20:23 Arson
21:06 Chain Mail Armor
22:26 Bow Saw
21:42 Long Swordsman
22:43 Gambesons
24:38 Squires
24:33 Gold Mining
28:50 Iron Casting
39:13 Pikeman
MHR.MK
10:04 Feudal Age
10:43 Double-Bit Axe
20:17 Castle Age
20:29 Wheelbarrow
22:18 Bow Saw
25:46 Gold Mining
25:46 Stone Mining
28:41 Gold Shaft Mining
31:23 Caravan
35:44 Hand Cart
35:51 Husbandry
41:52 Imperial Age
42:59 Ballistics
43:39 Chemistry
42:25 Elite Skirmisher
45:23 Cavalier
45:33 Elite Throwing Axeman
47:27 Paladin
53:02 Scale Barding Armor
52:57 Scale Mail Armor
53:08 Forging
52:48 Fletching
52:59 Padded Archer Armor
55:03 Squires
54:49 Arson
54:24 Pikeman
57:02 Chain Barding Armor
56:58 Chain Mail Armor
57:18 Iron Casting
56:39 Bodkin Arrow
57:00 Leather Archer Armor
ZURITA3570
0:36 Loom
9:53 Feudal Age
15:08 Double-Bit Axe
21:12 Gold Mining
26:01 Castle Age
25:19 Forging
25:10 Padded Archer Armor
27:08 Wheelbarrow
27:21 Gold Shaft Mining
28:33 Hand Cart
28:23 Stone Mining
34:33 Caravan
36:04 Iron Casting
35:51 Leather Archer Armor
35:26 Fletching
35:52 Bow Saw
41:09 Imperial Age
42:59 Blast Furnace
42:30 Ring Archer Armor
41:55 Bodkin Arrow
42:11 Scale Barding Armor
42:07 Scale Mail Armor
43:15 Two-Man Saw
43:03 Cranequins
44:30 Yeomen
44:57 Hoardings
47:23 Cavalier
48:05 Husbandry
51:28 Pikeman
52:09 Squires
51:54 Arson
52:15 Squires
52:39 Chain Barding Armor
52:34 Chain Mail Armor
52:20 Bracer
52:20 Halberdier
52:38 Elite Longbowman
53:30 Murder Holes
54:38 Chemistry
53:19 Treadmill Crane
54:01 Ballistics
53:56 Fortified Wall
57:01 Plate Mail Armor
57:21 Plate Barding Armor
Maxi10cn6561
14:17 Feudal Age
15:50 Wheelbarrow
15:20 Double-Bit Axe
19:39 Horse Collar
19:57 Gold Mining
23:07 Stone Mining
25:59 Castle Age
24:13 Forging
24:04 Scale Mail Armor
27:56 Bow Saw
28:55 Hand Cart
30:21 Gold Shaft Mining
30:20 Loom
31:57 Stone Shaft Mining
31:26 Heavy Plow
38:27 Imperial Age
36:21 Caravan
38:47 Capped Ram
39:56 Conscription
40:50 Scale Mail Armor
41:26 Iron Casting
41:58 Elite Jaguar Warrior
44:08 Town Watch
47:17 Fortified Wall
47:52 Garland Wars
50:26 Blast Furnace
49:42 Chain Mail Armor
51:27 Ballistics
52:09 Chemistry
jordanm708
12:20 Feudal Age
14:12 Wheelbarrow
13:35 Gold Mining
15:08 Double-Bit Axe
19:51 Scale Barding Armor
19:57 Forging
24:45 Castle Age
22:39 Fletching
22:50 Padded Archer Armor
23:14 Stone Mining
25:47 Chain Barding Armor
26:03 Iron Casting
25:31 Husbandry
27:33 Caravan
29:43 Gold Shaft Mining
29:47 Hand Cart
35:01 Imperial Age
35:14 Imperial Age
34:27 Leather Archer Armor
34:07 Bodkin Arrow
35:19 Cavalier
36:28 Bow Saw
38:10 Murder Holes
37:55 Paladin
39:40 Plate Barding Armor
40:29 Blast Furnace
craciunvladut3
12:46 Feudal Age
11:02 Loom
13:45 Horse Collar
14:15 Double-Bit Axe
15:19 Gold Mining
16:38 Wheelbarrow
19:56 Castle Age
18:35 Stone Mining
21:31 Hand Cart
21:24 Heavy Plow
21:37 Bow Saw
23:10 Hand Cart
28:49 Coinage
28:19 Caravan
34:10 Imperial Age
34:19 Forging
34:14 Scale Barding Armor
34:09 Scale Mail Armor
35:07 Elite Steppe Lancer
35:48 Husbandry
35:58 Bloodlines
35:09 Light Cavalry
36:29 Iron Casting
36:14 Chain Barding Armor
38:14 Gold Shaft Mining
38:15 Stone Shaft Mining
38:01 Squires
40:33 Blast Furnace
39:48 Chain Mail Armor
56:14 Ballistics
56:54 Chemistry
vinayrayal92
1:14 Loom
12:07 Feudal Age
12:45 Double-Bit Axe
12:49 Horse Collar
19:54 Wheelbarrow
22:20 Castle Age
23:40 Hand Cart
23:11 Town Watch
24:01 Bow Saw
24:01 Heavy Plow
28:02 Gambesons
30:11 Ballistics
31:43 Murder Holes
36:09 Imperial Age
33:43 Town Patrol
34:40 Caravan
35:47 Hamask
36:48 Forging
36:38 Scale Mail Armor
36:58 Masonry
36:57 Siege Engineers
37:53 Chemistry
36:36 Onager
38:17 Squires
39:38 Arson
39:21 Elite Varangian Guard
42:47 Northmen's Fury
43:52 Conscription
44:14 Hoardings
45:51 Iron Casting
45:31 Chain Mail Armor
46:13 Siege Onager
49:37 Blast Furnace
49:09 Plate Mail Armor
54:50 Fletching
LoserLover
1:13 Loom
13:42 Feudal Age
15:22 Town Watch
16:13 Wheelbarrow
23:01 Castle Age
24:20 Hand Cart
25:16 Elite Skirmisher
25:21 Crossbowman
26:24 Arson
26:54 Town Patrol
Connection lost

Rejoining the realm…

Still unreachable

The connection could not be restored.

Session expired

The server has moved on; the page needs a fresh start.